 Dungeon Crawl Stone Soup version 0.18-a0-1572-g0a86841 (webtiles) character file.

3035 Chiseanne the Unseen (level 9, -9/41 HPs)
             Began as a Spriggan Assassin on Mar 15, 2016.
             Was an Initiate of Gozag.
             Impaled on a porcupine's spines (14 damage)
             ... on level 8 of the Dungeon.
             The game lasted 00:29:11 (9444 turns).

Chiseanne the Unseen (Spriggan Assassin)            Turns: 9444, Time: 00:29:12

Health: -9/41      AC:  4    Str:  7    XL:     9   Next: 56%
Magic:  10/10      EV: 27    Int: 16    God:    Gozag
Gold:   33         SH:  0    Dex: 21    Spells: 0 memorised, 8 levels left

rFire  . . .     SeeInvis +     a - +3 dagger
rCold  . . .     Gourm    .     n - +0 robe
rNeg   . . .     Faith    .     (shield restricted)
rPois  .         Spirit   .     (helmet restricted)
rElec  .         Dismiss  .     d - +1 cloak
rCorr  .         Reflect  .     (gloves unavailable)
SustAt .         Harm     .     (boots unavailable)
MR     +....                    j - amulet of regeneration
Stlth  +++++++...               (no ring)
                                b - +4 ring of intelligence

@: gold aura, very quick, somewhat resistant to hostile enchantments, extremely
stealthy
A: unfitting armour, see invisible, herbivore 3, speed 3, slow metabolism 2
a: Potion Petition, Call Merchant, Bribe Branch, Renounce Religion


You were on level 8 of the Dungeon.
You worshipped Gozag.
Gozag was noncommittal.
You were not hungry.

You visited 2 branches of the dungeon, and saw 9 of its levels.

You collected 1171 gold pieces.
You spent 390 gold pieces at shops.
You paid 748 gold pieces to Gozag.

Inventory:

Hand Weapons
 a - a +3 dagger (weapon)
 s - a +1 hand axe of freezing
 w - a +0 blowgun
Missiles
 e - 26 sling bullets
 y - 17 arrows of flame
 B - 61 arrows
 C - 14 bolts
Armour
 d - a +1 cloak (worn)
 n - a +0 robe (worn)
Jewellery
 b - a +4 ring of intelligence (left hand)
 j - an amulet of regeneration (around neck)
Scrolls
 c - 3 scrolls of enchant weapon
 i - 5 scrolls of remove curse
 v - a scroll of teleportation
 D - a scroll of recharging
 G - a scroll of magic mapping
 H - a scroll of blinking
Potions
 f - a potion of flight
 h - 3 potions of might
 k - 2 potions of brilliance
 l - 4 potions of berserk rage
 m - a potion of cure mutation {unknown}
 o - 2 potions of magic
 p - 6 potions of heal wounds
 q - 4 potions of curing
 r - a potion of lignification {unknown}
 t - a potion of cancellation {unknown}
 u - a potion of invisibility {unknown}
 x - a potion of haste
 z - a potion of ambrosia {unknown}
 J - 2 potions of agility
Books
 E - a book of the Tempests

   Spells                             Type                      Level
   a - Static Discharge               Conjuration/Air              3
   b - Lightning Bolt                 Conjuration/Air              5
   c - Fireball                       Conjuration/Fire             5
   d - Tornado                        Air                          9
   e - Shatter                        Earth                        9
 I - the Tome of Glacial Conjuration
   (You found it on level 7 of the Dungeon)

   Spells                             Type                      Level
   a - Freeze                         Ice                          1
   b - Searing Ray                    Conjuration                  2
   c - Ozocubu's Armour               Charms/Ice                   3
   d - Static Discharge               Conjuration/Air              3
   e - Fulminant Prism                Conjuration/Hexes            4
Comestibles
 g - 8 bread rations


   Skills:
 - Level 1.5 Fighting
 + Level 7.3 Short Blades
 - Level 2.0 Throwing
 + Level 9.3 Dodging
 * Level 15.2 Stealth


You had 8 spell levels left.
You didn't know any spells.

Dungeon Overview and Level Annotations

Branches:
Dungeon (8/15)             Temple (1/1) D:4
   Lair: D:8-11

Altars:
Ashenzari
Cheibriados
Dithmenos
Elyvilon
Fedhas
Gozag
Kikubaaqudgha
Nemelex Xobeh
Okawaru
Pakellas
Qazlal
Ru
Sif Muna
Trog
Vehumet
Xom
Yredelemnul
Zin
The Shining One

Shops:
D:7 !


Innate Abilities, Weirdness & Mutations

You are tiny and cannot use many weapons and most armour.
You have supernaturally acute eyesight.
You are a herbivore.
You cover ground extremely quickly.
You need consume almost no food.


Message History

You barely miss the porcupine.
You are struck by the porcupine's spines.
You hit the porcupine.
The porcupine is lightly wounded.
The porcupine misses you.
You are struck by the porcupine's spines.
You hit the porcupine but do no damage.
The porcupine is lightly wounded.
The porcupine completely misses you.
You are struck by the porcupine's spines.
You hit the porcupine.
The porcupine is moderately wounded.
The porcupine barely misses you.
You barely miss the porcupine.
The porcupine is moderately wounded.
The porcupine bites you!
* * * LOW HITPOINT WARNING * * *
You are struck by the porcupine's spines.
You die...
Your body crumbles into a pile of gold.

........#............(..#...#.#.#
....................<.........#.#
.................................
#.#...........#.#.#..#.##...#.#.#
#.#.....##....#(#.#.............#
...............(#.#..#.##..##.#.#
................(....#.##..# .#.#
#.#..#.###...##............# # #
..#..#.###......@r..........
............................
#.#..#.#.#...##.<............
.....#.......................
#.#..###.#...........#.##
#.#.)###.................
#(#..)...............####
#.#......................
#.#.#######.####.###.####


You could see a porcupine.

Vanquished Creatures
  A spriggan (D:7)
  A soldier ant (D:7)
  4 porcupines (D:8)
  An orc warrior (D:8)
  A phantom (D:6)
  4 ogres
  2 crocodiles (D:8)
  3 giant frogs
  3 scorpions
  8 killer bees (D:7)
  A howler monkey (D:5)
  A quasit (D:7)
  2 giant frog skeletons
  4 orc priests
  A hound (D:3)
  An iguana (D:4)
  5 orc wizards
  10 worker ants
  A hound skeleton (D:4)
  8 gnolls
  A river rat (D:8)
  11 adders
  2 shadow imps
  6 worms
  3 dart slugs
  6 giant geckos
  19 orcs
  2 ball pythons
  9 bats
  8 giant cockroaches
  8 goblins
  3 hobgoblins
  7 jackals
  8 kobolds
  2 quokkas
  3 giant newts
  2 jackal skeletons
  16 rats
  A spectral orc (D:6)
  2 fungi (D:1)
181 creatures vanquished.

Vanquished Creatures (others)
  A bush (D:8)
  2 fungi (D:8)
  5 plants (D:8)
8 creatures vanquished.

Grand Total: 189 creatures vanquished

Notes
Turn   | Place    | Note
--------------------------------------------------------------
     0 | D:1      | Chiseanne the Spriggan Assassin began the quest for the Orb.
     0 | D:1      | Reached XP level 1. HP: 10/10 MP: 2/2
    72 | D:1      | Reached skill level 6 in Stealth
   273 | D:1      | Reached XP level 2. HP: 12/14 MP: 3/3
   991 | D:2      | Reached XP level 3. HP: 18/18 MP: 4/4
  1078 | D:2      | Reached skill level 7 in Stealth
  1383 | D:2      | Found a faded altar to an unknown god.
  1713 | D:2      | Reached XP level 4. HP: 22/22 MP: 5/5
  2248 | D:3      | Found an ancient bone altar of Kikubaaqudgha.
  2841 | D:3      | Reached skill level 8 in Stealth
  2948 | D:3      | Reached XP level 5. HP: 25/25 MP: 6/6
  3297 | D:3      | Found a shadowy altar of Dithmenos.
  3582 | D:4      | Noticed an ogre
  3617 | D:4      | Killed an ogre
  3617 | D:4      | Reached skill level 9 in Stealth
  3617 | D:4      | Reached XP level 6. HP: 30/30 MP: 7/7
  3908 | D:4      | Found a staircase to the Ecumenical Temple.
  3929 | D:4      | You fall through a shaft for 2 floors!
  3965 | D:5      | Entered Level 5 of the Dungeon
  4058 | Temple   | Entered the Ecumenical Temple
  4132 | Temple   | Became a worshipper of Gozag Ym Sagoz the Greedy
  4442 | D:4      | Found a deep blue altar of Sif Muna.
  4512 | D:4      | Noticed a moth of wrath
  4515 | D:4      | Found a bloodstained altar of Trog.
  4535 | D:4      | Reached skill level 10 in Stealth
  4807 | D:4      | Got a smoking long sword
  4827 | D:4      | Identified the cursed +1 long sword of Beogh's Regard {antimagic, rN+ Stlth+} (You found it on level 4 of the Dungeon)
  5301 | D:5      | Reached skill level 5 in Dodging
  5301 | D:5      | Reached XP level 7. HP: 33/33 MP: 8/8
  5762 | D:5      | Found a white marble altar of Elyvilon.
  5789 | D:5      | Reached skill level 11 in Stealth
  5980 | D:5      | Reached skill level 5 in Short Blades
  6566 | D:6      | Reached XP level 8. HP: 23/37 MP: 9/9
  7057 | D:6      | Found a basalt altar of Yredelemnul.
  7143 | D:6      | Reached skill level 12 in Stealth
  7352 | D:7      | Found a snail-covered altar of Cheibriados.
  7397 | D:7      | Found a runed door.
  7410 | D:7      | Found a runed door.
  7795 | D:7      | Reached skill level 13 in Stealth
  7980 | D:7      | Identified the Tome of Glacial Conjuration
  8294 | D:7      | Found a shattered altar of Ashenzari.
  8299 | D:7      | Found a radiant altar of Vehumet.
  8333 | D:7      | Found a glowing golden altar of the Shining One.
  8336 | D:7      | Found an oddly glowing altar of Pakellas.
  8507 | D:7      | Reached XP level 9. HP: 41/41 MP: 10/10
  8567 | D:7      | Reached skill level 14 in Stealth
  8912 | D:8      | Found a white marble altar of Elyvilon.
  9309 | D:8      | Reached skill level 15 in Stealth
  9419 | D:7      | Bought a potion of flight for 39 gold pieces
  9419 | D:7      | Bought a potion of agility for 52 gold pieces
  9419 | D:7      | Bought a potion of magic for 104 gold pieces
  9419 | D:7      | Bought a potion of haste for 130 gold pieces
  9419 | D:7      | Bought a potion of heal wounds for 65 gold pieces
  9444 | D:8      | Impaled on a porcupine's spines

Vault maps used:
D:1:      dpeg_arrival_rooms_a, minivault_19, hangedman_decor_push,
          minmay_gold_behind_fungi, roderic_lattice_a
D:2:      minmay_door_path, first_bread, ecumenical_altar_1
D:3:      lemuel_round_altar, overflow_temple_1_default
D:4:      minmay_opposing_rooms, lemuel_round_altar, tgw_trog,
          minmay_temple_entry_statues_fountains
D:5:      kennysheep_big_empty_room, grunt_ministairs_7, elyvilon_altar_4
D:6:      yredelemnul_forgotten_temple_becter
D:7:      lemuel_insect_pit, kennysheep_mini, grunt_temple_overflow_open,
          the_bakery
D:8:      lemuel_crystal_altar, minmay_lair_entry_grove
Temple:   circular_temple_pool_8

Skill      XL: |  1  2  3  4  5  6  7  8  9 |
---------------+----------------------------+-----
Stealth        | 6 7 8 9 10 11 13 15 | 15.2
Dodging        | 2 3 4 5 6 8 9 |  9.3
Short Blades   | 3 4 5 6 7 |  7.3
Fighting       | |  1.5
Throwing       | |  2.0

Action                   |  1- 3 |  4- 6 |  7- 9 || total
-------------------------+-------+-------+-------++-------
Melee: Dagger            |   116 |   173 |   425 ||   714
       Hand axe          |       |       |    10 ||    10
 Fire: Blowgun           |    12 |    52 |   101 ||   165
Throw: Tomahawk          |       |       |    19 ||    19
Invok: Call Merchant     |       |       |     1 ||     1
  Use: Scroll            |     7 |     9 |     2 ||    18
 Stab: Sleeping          |    17 |    13 |    11 ||    41
       Distracted        |       |     5 |     2 ||     7
  Eat: Fruit             |       |     3 |       ||     3
       Pizza             |       |       |     2 ||     2
       Royal jelly       |       |       |     1 ||     1
